Map: Ulrena

Players

FreedomTH

  • Race: Zerg Zerg
  • League: Diamond

ILLBdA - Winner!

  • Race: Protoss Protoss
  • League: Diamond

VOD

Have the link to the VOD?

Description

Time

  • Played on: Dec. 22, 2015, 11:55 a.m.
  • Length: 8:09
Show
View Real Time Build Order
Export as new Build Order

FreedomTH Zerg 

Build Orders: Pool First 

Get SALT Encoding   

  12  0:01  Drone  
  13  0:08  Drone  
  14  0:17  Overlord  
  14  0:25  Drone, Extractor  
  15  0:38  Spawning Pool  
  15  0:42  Extractor  
  13  0:44  Drone  
  13  0:47  Drone  
  15  0:52  Drone  
  16  1:26  Zergling x2  
  16  1:27  Zergling x4  
  19  1:37  Queen  
  21  1:41  Baneling Nest  
  20  1:52  Zergling x2  
  20  1:53  Zergling x2  
  22  2:01  Overlord  
  22  2:28  Zergling x2  
  22  2:29  Zergling x2  
  24  2:30  Metabolic Boost  
  24  2:44  Zergling x4  
  26  2:52  Baneling x5  
  26  2:55  Zergling x6  
  29  3:17  Hatchery  
  24  3:23  Zergling x6  
  24  3:25  Zergling x2  
  23  3:49  Drone x3  
  26  4:08  Drone  
  27  4:11  Extractor  
  27  4:13  Roach Warren  
  25  4:22  Drone x4  
  29  4:37  Drone x3  
  32  4:39  Extractor  
  31  4:47  Overlord  
  31  4:55  Overlord  
  31  5:11  Roach x2  
  31  5:12  Roach  
  37  5:19  Roach  
  39  5:21  Roach  
  41  5:29  Roach  
  41  5:35  Roach  
  44  5:52  Roach  
  44  5:53  Roach x2  
  50  6:02  Overlord  
  50  6:24  Ravager x4  
  50  6:25  Ravager x2  
  55  6:28  Ravager  
  52  6:49  Roach  
  52  6:50  Roach x2  
  37  7:21  Roach x3  
  37  7:22  Roach x4  
Show
View Real Time Build Order
Export as new Build Order

ILLBdA Protoss - Winner!

Build Orders:  

Get SALT Encoding   

  12  0:01  Probe (Chrono Boost)  
  13  0:11  Probe (Chrono Boost)  
  14  0:22  Probe (Chrono Boost), Pylon  
  15  0:40  Probe (Chrono Boost)  
  16  0:44  Forge  
  16  0:51  Probe (Chrono Boost)  
  17  1:01  Probe (Chrono Boost)  
  18  1:12  Probe (Chrono Boost)  
  18  1:16  Pylon  
  19  1:22  Probe (Chrono Boost)  
  19  1:23  Photon Cannon  
  20  1:38  Pylon  
  20  1:40  Probe (Chrono Boost)  
  20  1:42  Gateway  
  21  1:47  Assimilator  
  21  1:51  Probe (Chrono Boost), Assimilator  
  22  2:04  Probe (Chrono Boost)  
  23  2:15  Probe (Chrono Boost)  
  24  2:29  Cybernetics Core  
  24  2:31  Zealot  
  24  2:33  Pylon  
  26  2:37  Probe (Chrono Boost)  
  26  2:41  Pylon  
  27  2:52  Probe (Chrono Boost)  
  28  2:59  Gateway  
  30  3:06  Mothership Core (Chrono Boost)  
  30  3:24  Pylon  
  30  3:25  Pylon  
  30  3:31  Warp Gate  
  30  3:32  Adept  
  30  3:35  Pylon  
  30  3:36  Pylon  
  30  3:41  Pylon  
  30  3:42  Photon Cannon  
  30  3:47  Sentry  
  32  4:02  Sentry  
  34  4:12  Gateway  
  34  4:15  Gateway  
  34  4:16  Sentry  
  36  4:25  Robotics Facility  
  36  4:41  Sentry  
  36  4:43  Probe (Chrono Boost)  
  39  4:47  Pylon  
  39  5:00  Pylon  
  39  5:08  Probe (Chrono Boost)  
  40  5:16  Warp Prism (Chrono Boost)  
  42  5:28  Nexus  
  42  5:29  Pylon  
  42  5:38  Sentry x3  
  46  6:08  Probe  
  46  6:10  Immortal (Chrono Boost)  
  51  6:14  Zealot  
  51  6:15  Zealot x2  
  57  6:31  Pylon  
  57  6:32  Pylon  
  57  6:33  Pylon  
  57  6:35  Pylon  
  57  6:36  Sentry x2  
  55  6:53  Immortal (Chrono Boost)  
  55  6:58  Adept  
  57  7:05  Adept  
  57  7:06  Adept  
  55  7:11  Probe  
  55  7:12  Probe  
  55  7:21  Gateway, Probe  
  55  7:22  Pylon  
  56  7:39  Zealot x4  
  64  7:51  Probe  
  64  7:55  Gateway  
  64  8:01  Pylon  
Tags
 
Matchup
PvZ
Opening
Pool First
Replay Pack
me
Add a new tag
Caveats
  • Supply blocks, unpowered buildings, or Contaminate may cause inaccurate times.
  • Supply counts are checked every 10 seconds.